PCL
SAN JOSE MISSIONS @ ALBUQUERQUE ISOTOPES
08/08/2027
 
TOP OF THE 1ST
San Jose Missions batting - Pitching for Albuquerque Isotopes : RHP Jesús Silva
Pitching: RHP Jesús Silva
Batting: SHB Terry Dailey 0-0: Ball
1-0: DOUBLE (Line Drive, 3D)
Batting: LHB Miguel Montés 0-0: Foul Ball, location: 2F
0-1: Fly out, F9 (Flyball, 89D)
Runner from 2nd tags up, SAFE at 3rd, no throw
Batting: RHB Dale Taylor 0-0: Ball
1-0: Foul Ball, location: 2F
1-1: Ball
2-1: Swinging Strike
2-2: Strikes out swinging
Batting: RHB Bob Orr 0-0: Called Strike
0-1: Ball
1-1: Ball
2-1: Ball
3-1: Foul Ball, location: 2F
3-2: Foul Ball, location: 2F
3-2: Foul Ball, location: 2F
3-2: DOUBLE (Flyball, 78XD)
Terry Dailey scores
Batting: LHB Phil Cantrell 0-0: Hit by Pitch
Batting: RHB Chang-geun Kim 0-0: Ball
1-0: Fly out, F7 (Flyball, 7)
Top of the 1st over - 1 run(s), 2 hit(s), 0 error(s), 2 left on base; San Jose 1 - Albuquerque 0
BOTTOM OF THE 1ST
Albuquerque Isotopes batting - Pitching for San Jose Missions : RHP Francisco Arellano
Pitching: RHP Francisco Arellano
Batting: RHB Dave Mullen 0-0: Called Strike
0-1: DOUBLE (Line Drive, 8RXD)
Batting: LHB Bernardo Montés 0-0: Ball
1-0: Ball
2-0: Ball
3-0: Foul Ball, location: 2F
3-1: Fly out, F7 (Line Drive, 7)
Batting: LHB José González 0-0: Ball
1-0: Fly out, F8 (Flyball, 8RM)
Batting: RHB Alden Isenhood 0-0: Ball
1-0: Ball
2-0: Ball
3-0: Called Strike
3-1: Swinging Strike
3-2: Base on Balls
Batting: LHB Juan Carlos Sánchez 0-0: Called Strike
0-1: Fly out, F7 (Flyball, 7S)
Bottom of the 1st over - 0 run(s), 1 hit(s), 0 error(s), 2 left on base; San Jose 1 - Albuquerque 0
TOP OF THE 2ND
San Jose Missions batting - Pitching for Albuquerque Isotopes : RHP Jesús Silva
Batting: RHB Ed Starr 0-0: Ball
1-0: Foul Ball, location: 2F
1-1: Ball
2-1: Swinging Strike
2-2: Ground out 6-3 (Groundball, 6)
Batting: RHB Peter Bishop 0-0: Ball
1-0: Called Strike
1-1: Ground out 4-3 (Groundball, 4)
Batting: RHB Sadao Kato 0-0: Ball
1-0: Ball
2-0: Foul Ball, location: 2F
2-1: Called Strike
2-2: Ball
3-2: Base on Balls
Batting: SHB Terry Dailey 0-0: Ball
1-0: Ball
2-0: Foul Ball, location: 2F
2-1: Ball
3-1: Foul Ball, location: 2F
3-2: Base on Balls
Sadao Kato to second
Batting: LHB Miguel Montés 0-0: Called Strike
0-1: DOUBLE (Flyball, 78D)
Sadao Kato scores
Terry Dailey to third
Runner from 3rd tries for Home, SAFE, no throw
Batting: RHB Dale Taylor 0-0: Called Strike
0-1: Ball
1-1: Called Strike
1-2: Strikes out swinging
Top of the 2nd over - 2 run(s), 1 hit(s), 0 error(s), 1 left on base; San Jose 3 - Albuquerque 0
BOTTOM OF THE 2ND
Albuquerque Isotopes batting - Pitching for San Jose Missions : RHP Francisco Arellano
Batting: RHB Will Lott 0-0: Ground out 6-3 (Groundball, 6MS)
Batting: RHB Víctor Solano 0-0: Called Strike
0-1: Foul Ball, location: 2F
0-2: Ball
1-2: Ball
2-2: DOUBLE (Line Drive, 8LXD)
Batting: LHB Pedro Cruz 0-0: Called Strike
0-1: SINGLE (Groundball, 6D)
Víctor Solano to third
Runner from 3rd tries for Home, SAFE, no throw
Batting: RHB Rick Ayliffe 0-0: Ball
1-0: Called Strike
1-1: Ball
Wild Pitch!
Pedro Cruz to second
2-1: Swinging Strike
2-2: Ground out 4-3 (Groundball, 4)
Pedro Cruz to third
Batting: RHB Dave Mullen 0-0: Called Strike
0-1: Ball
1-1: SINGLE (Line Drive, 56)
Pedro Cruz scores
Batting: LHB Bernardo Montés 0-0: Ball
1-0: Ball
2-0: Swinging Strike
2-1: Ball
3-1: Foul Ball, location: 2F
3-2: Foul Ball, location: 2F
3-2: Ground out 6-3 (Groundball, 6)
Bottom of the 2nd over - 2 run(s), 3 hit(s), 0 error(s), 1 left on base; San Jose 3 - Albuquerque 2
TOP OF THE 3RD
San Jose Missions batting - Pitching for Albuquerque Isotopes : RHP Jesús Silva
Batting: RHB Bob Orr 0-0: Called Strike
0-1: Fly out, F8 (Flyball, 8RXD)
Batting: LHB Phil Cantrell 0-0: SOLO HOME RUN (Flyball, 89XD), Distance : 392 ft
Batting: RHB Chang-geun Kim 0-0: Called Strike
0-1: Foul Ball, location: 2F
0-2: Ball
1-2: Ground out 5-3 (Groundball, 56)
Batting: RHB Ed Starr 0-0: Ball
1-0: Ball
2-0: Called Strike
2-1: Ball
3-1: Base on Balls
Batting: RHB Peter Bishop 0-0: Called Strike
0-1: Ball
1-1: Swinging Strike
1-2: Ball
2-2: Foul Ball, location: 2F
2-2: Foul Ball, location: 2F
2-2: Strikes out looking
Top of the 3rd over - 1 run(s), 1 hit(s), 0 error(s), 1 left on base; San Jose 4 - Albuquerque 2
BOTTOM OF THE 3RD
Albuquerque Isotopes batting - Pitching for San Jose Missions : RHP Francisco Arellano
Batting: LHB José González 0-0: Ball
1-0: Ball
2-0: Foul Ball, location: 2F
2-1: Ground out U3 (Groundball, 3)
Batting: RHB Alden Isenhood 0-0: Ball
1-0: Fly out, F7 (Line Drive, 78D)
Batting: LHB Juan Carlos Sánchez 0-0: Ball
1-0: Ball
2-0: Ball
3-0: Called Strike
3-1: Fly out, F8 (Flyball, 8LS)
Bottom of the 3rd over - 0 run(s), 0 hit(s), 0 error(s), 0 left on base; San Jose 4 - Albuquerque 2
TOP OF THE 4TH
San Jose Missions batting - Pitching for Albuquerque Isotopes : RHP Jesús Silva
Batting: RHB Sadao Kato 0-0: Called Strike
0-1: Ball
1-1: Fly out, F8 (Flyball, 8RS)
Batting: SHB Terry Dailey 0-0: Called Strike
0-1: Called Strike
0-2: Strikes out looking
Batting: LHB Miguel Montés 0-0: Called Strike
0-1: Ball
1-1: Foul Ball, location: 2F
1-2: Strikes out looking
Top of the 4th over - 0 run(s), 0 hit(s), 0 error(s), 0 left on base; San Jose 4 - Albuquerque 2
BOTTOM OF THE 4TH
Albuquerque Isotopes batting - Pitching for San Jose Missions : RHP Francisco Arellano
Batting: RHB Will Lott 0-0: Called Strike
0-1: Called Strike
0-2: Strikes out swinging
Batting: RHB Víctor Solano 0-0: Swinging Strike
0-1: Ball
1-1: Called Strike
1-2: Strikes out looking and he ARGUES THE CALL AND IS TOSSED!
Batting: LHB Pedro Cruz 0-0: Called Strike
0-1: SINGLE (Groundball, 6MD)
Batting: RHB Rick Ayliffe 0-0: Ball
Pedro Cruz is caught stealing 2nd base
Bottom of the 4th over - 0 run(s), 1 hit(s), 0 error(s), 0 left on base; San Jose 4 - Albuquerque 2
TOP OF THE 5TH
San Jose Missions batting - Pitching for Albuquerque Isotopes : RHP Jesús Silva
Now in CF: A.J. Major
Batting: RHB Dale Taylor 0-0: Swinging Strike
0-1: Ball
1-1: SINGLE (Line Drive, 6MD)
Batting: RHB Bob Orr 0-0: Fly out, F8 (Flyball, 8RXD)
Batting: LHB Phil Cantrell 0-0: Foul Ball, location: 2F
0-1: Foul Ball, location: 2F
0-2: Fly out, F9 (Flyball, 9)
Pitching: RHP César De La Cruz
Batting: RHB Chang-geun Kim 0-0: Ball
1-0: Called Strike
1-1: Foul Ball, location: 2F
1-2: Strikes out looking and he ARGUES THE CALL AND IS TOSSED!
Top of the 5th over - 0 run(s), 1 hit(s), 0 error(s), 1 left on base; San Jose 4 - Albuquerque 2
BOTTOM OF THE 5TH
Albuquerque Isotopes batting - Pitching for San Jose Missions : RHP Francisco Arellano
Now in CF: José Martínez
Batting: RHB Rick Ayliffe 0-0: Ground out 6-3 (Groundball, 6S)
Batting: RHB Dave Mullen 0-0: Called Strike
0-1: Ball
1-1: Foul Ball, location: 2F
1-2: Strikes out swinging
Batting: LHB Bernardo Montés 0-0: Ball
1-0: Called Strike
1-1: Foul Ball, location: 2F
1-2: Fly out, F4 (Popup, 34)
Bottom of the 5th over - 0 run(s), 0 hit(s), 0 error(s), 0 left on base; San Jose 4 - Albuquerque 2
TOP OF THE 6TH
San Jose Missions batting - Pitching for Albuquerque Isotopes : RHP César De La Cruz
Batting: RHB Ed Starr 0-0: Ball
1-0: Called Strike
1-1: Called Strike
1-2: Strikes out swinging
Batting: RHB Peter Bishop 0-0: Ball
1-0: DOUBLE (Line Drive, 7D)
Batting: RHB Sadao Kato 0-0: Called Strike
Peter Bishop steals 3rd base
0-1: Ground out 6-3 (Groundball, 6)
Batting: SHB Terry Dailey 0-0: Ball
1-0: Ball
2-0: Ball
3-0: Foul Ball, location: 2F
3-1: Foul Ball, location: 2F
3-2: Base on Balls
Batting: LHB Miguel Montés 0-0: Foul Ball, location: 2F
0-1: Foul Ball, location: 2F
0-2: Ball
1-2: Strikes out swinging
Top of the 6th over - 0 run(s), 1 hit(s), 0 error(s), 2 left on base; San Jose 4 - Albuquerque 2
BOTTOM OF THE 6TH
Albuquerque Isotopes batting - Pitching for San Jose Missions : RHP Francisco Arellano
Batting: LHB José González 0-0: Called Strike
0-1: Called Strike
0-2: Ball
1-2: Strikes out looking
Batting: RHB Alden Isenhood 0-0: Fly out, F8 (Flyball, 89M)
Batting: LHB Juan Carlos Sánchez 0-0: Ground out 4-3 (Groundball, 4)
Bottom of the 6th over - 0 run(s), 0 hit(s), 0 error(s), 0 left on base; San Jose 4 - Albuquerque 2
TOP OF THE 7TH
San Jose Missions batting - Pitching for Albuquerque Isotopes : RHP César De La Cruz
Batting: RHB Dale Taylor 0-0: Ball
1-0: Called Strike
1-1: Foul Ball, location: 2F
1-2: Ball
2-2: Ball
3-2: Foul Ball, location: 2F
3-2: Base on Balls
Pitching: RHP Shiki Kanno
Batting: RHB Bob Orr 0-0: Ball
1-0: Foul Ball, location: 2F
1-1: Foul Ball, location: 2F
1-2: Fielders Choice at 2nd, 1-4 (Groundball, 15S)
Batting: LHB Phil Cantrell 0-0: Foul Ball, location: 2F
0-1: Ball
1-1: Ball
2-1: SINGLE (Flyball, 89S)
Bob Orr to second
Pinch Hitting: LHB Arturo Rivera 0-0: Called Strike
0-1: Foul Ball, location: 2F
0-2: Ball
1-2: Foul Ball, location: 2F
1-2: Strikes out swinging
Batting: RHB Ed Starr 0-0: Foul Ball, location: 2F
0-1: Ball
1-1: Ball
2-1: SINGLE (Groundball, 4MD)
Bob Orr to third
Phil Cantrell to second
Runner from 3rd tries for Home, SAFE, no throw
Batting: RHB Peter Bishop 0-0: Foul Ball, location: 2F
0-1: Fly out, F5 (Popup, 56)
Top of the 7th over - 1 run(s), 2 hit(s), 0 error(s), 2 left on base; San Jose 5 - Albuquerque 2
BOTTOM OF THE 7TH
Albuquerque Isotopes batting - Pitching for San Jose Missions : RHP Francisco Arellano
Now in CF: Arturo Rivera
Batting: RHB Will Lott 0-0: Called Strike
0-1: Swinging Strike
0-2: Ball
1-2: SOLO HOME RUN (Flyball, 7LD), Distance : 361 ft
Batting: LHB A.J. Major 0-0: Foul Ball, location: 2F
0-1: Swinging Strike
0-2: Foul Ball, location: 2F
0-2: Fly out, F5 (Line Drive, 56)
Batting: LHB Pedro Cruz 0-0: Called Strike
0-1: Ball
1-1: Foul Ball, location: 2F
1-2: Foul Ball, location: 2F
1-2: Ground out 5-3 (Groundball, 56)
Batting: RHB Rick Ayliffe 0-0: Ball
1-0: SINGLE (Groundball, 6D)
Pitching: RHP Paul Lewis
Batting: RHB Dave Mullen 0-0: Ball
1-0: Ball
2-0: Called Strike
2-1: Ball
3-1: Called Strike
3-2: Fly out, F5 (Line Drive, 5S)
Bottom of the 7th over - 1 run(s), 2 hit(s), 0 error(s), 1 left on base; San Jose 5 - Albuquerque 3
TOP OF THE 8TH
San Jose Missions batting - Pitching for Albuquerque Isotopes : RHP Shiki Kanno
Pitching: RHP Mark Sanders
Batting: RHB Sadao Kato 0-0: Ball
1-0: Swinging Strike
1-1: Ball
2-1: Fly out, F9 (Flyball, 89XD)
Batting: SHB Terry Dailey 0-0: Ball
1-0: Ball
2-0: Ball
3-0: Called Strike
3-1: Called Strike
3-2: Strikes out looking
Batting: LHB Miguel Montés 0-0: SINGLE (Line Drive, 6D)
Batting: RHB Dale Taylor 0-0: Ball
1-0: Called Strike
1-1: Ball
2-1: SINGLE (Line Drive, 89M)
Miguel Montés to second
Batting: RHB Bob Orr 0-0: Called Strike
0-1: Ball
1-1: Ball
2-1: Foul Ball, location: 2F
2-2: Foul Ball, location: 2F
2-2: Fielders Choice at 2nd, 6-4 (Groundball, 6)
Top of the 8th over - 0 run(s), 2 hit(s), 0 error(s), 1 left on base; San Jose 5 - Albuquerque 3
BOTTOM OF THE 8TH
Albuquerque Isotopes batting - Pitching for San Jose Missions : RHP Paul Lewis
Batting: LHB Bernardo Montés 0-0: Ball
1-0: Foul Ball, location: 2F
1-1: Ball
2-1: Ball
3-1: Foul Ball, location: 2F
3-2: Base on Balls
Batting: LHB José González 0-0: Ball
1-0: Ball
2-0: Foul Ball, location: 2F
2-1: Ball
3-1: Foul Ball, location: 2F
3-2: Grounds into double play, 4-6-3 (Groundball, 4M)
Batting: RHB Alden Isenhood 0-0: Called Strike
0-1: Ball
1-1: Foul Ball, location: 2F
1-2: Ball
2-2: Ground out 5-3 (Groundball, 56)
Bottom of the 8th over - 0 run(s), 0 hit(s), 0 error(s), 0 left on base; San Jose 5 - Albuquerque 3
TOP OF THE 9TH
San Jose Missions batting - Pitching for Albuquerque Isotopes : RHP Mark Sanders
Batting: LHB Phil Cantrell 0-0: Ball
1-0: Foul Ball, location: 2F
1-1: Ball
2-1: Ball
3-1: Ground out 4-3 (Groundball, 4)
Batting: LHB Arturo Rivera 0-0: Swinging Strike
0-1: Ball
1-1: Ball
2-1: Swinging Strike
2-2: Strikes out swinging
Batting: RHB Ed Starr 0-0: Ball
1-0: Swinging Strike
1-1: Ball
2-1: TRIPLE (Flyball, 9LM)
Batting: RHB Peter Bishop 0-0: Ball
1-0: Called Strike
1-1: Ball
2-1: Foul Ball, location: 2F
2-2: Ball
3-2: Base on Balls
Pitching: RHP Howard Joyce
Batting: RHB Sadao Kato 0-0: Called Strike
0-1: Swinging Strike
0-2: Strikes out swinging
Top of the 9th over - 0 run(s), 1 hit(s), 0 error(s), 2 left on base; San Jose 5 - Albuquerque 3
BOTTOM OF THE 9TH
Albuquerque Isotopes batting - Pitching for San Jose Missions : RHP Paul Lewis
Batting: LHB Juan Carlos Sánchez 0-0: Ball
1-0: Fly out, F8 (Flyball, 8RD)
Batting: RHB Will Lott 0-0: Ball
1-0: Ground out 6-3 (Groundball, 6)
Batting: LHB A.J. Major 0-0: Called Strike
0-1: Ball
1-1: Ball
2-1: Ground out U3 (Groundball, 34)
Bottom of the 9th over - 0 run(s), 0 hit(s), 0 error(s), 0 left on base; San Jose 5 - Albuquerque 3
Thursday, March 30th, 2017 - OOTP Baseball 17.12 Build 75